[ AOE2 MATCH · #505301205 ]
UnrankedSicilians vs Turks
Player's team · WIN
Rival team · LOSS
[ REPLAY ANALYSIS · EXTRACTED FROM THE RECORDED GAME ]
Feudal
9:24
Castle
25:38
Imperial
—
| APM avg | 43.3 |
| APM peak | 87 |
| eAPM avg | 22.2 |
| Villagers / military | 68 / 47 |
Focus
⚔️ 43.0% · 🌾 57.0%
Serjeant ×33 · Mangonel ×5 · Spearman ×4 · Battering Ram ×3 · Knight ×2
Feudal
8:58
Castle
22:10
Imperial
—
| APM avg | 55.2 |
| APM peak | 90 |
| eAPM avg | 21.6 |
| Villagers / military | 76 / 52 |
Focus
⚔️ 31.0% · 🌾 69.0%
Knight ×16 · Skirmisher ×11 · Archer ×10 · Scout Cavalry ×9 · Mangonel ×5 · Cavalry Archer ×1
Match map
Initial resources + every placement click. Lines = walls · curves = elevation contours. ◆ gold · ⬟ stone · ● berries · ✦ relic · ◌ wall gap
Your base· ✓ Closed at 25:38 · 9t walls · 1 gate(s)
DK_Nightclaim's base· Open — 3t gap
Smoothed initial terrain · ◌ = detected wall gap · hover for details
Inputs per minute
— duusker - - DK_Nightclaim
Build order — duusker
First 150 of 218 actions detected
| 0:00 | Queue | Villager (Male) |
| 0:00 | Queue | Villager (Male) |
| 0:01 | Queue | Villager (Male) |
| 0:02 | Build | House |
| 0:03 | Build | House |
| 0:45 | Queue | Villager (Male) |
| 0:45 | Queue | Villager (Male) |
| 1:29 | Queue | Villager (Male) |
| 1:44 | Build | Lumber Camp |
| 1:47 | Queue | Villager (Male) |
| 2:26 | Queue | Villager (Male) |
| 2:43 | Queue | Villager (Male) |
| 3:14 | Queue | Villager (Male) |
| 3:37 | Queue | Villager (Male) |
| 3:57 | Build | House |
| 4:02 | Queue | Villager (Male) |
| 4:19 | Queue | Villager (Male) |
| 4:46 | Queue | Villager (Male) |
| 5:07 | Queue | Villager (Male) |
| 5:35 | Research | Loom |
| 6:12 | Queue | Villager (Male) |
| 6:35 | Build | Mining Camp |
| 6:36 | Queue | Villager (Male) |
| 7:14 | Research | Feudal Age |
| 7:37 | Build | Donjon |
| 7:45 | Build | House |
| 8:48 | Build | Donjon |
| 8:59 | Queue | Villager (Male) |
| 9:21 | Build | House |
| 9:24 | Age | Feudal Age |
| 9:28 | Queue | Spearman |
| 9:42 | Queue | Spearman |
| 9:42 | Queue | Spearman |
| 9:50 | Queue | Serjeant |
| 10:04 | Queue | Villager (Male) |
| 10:09 | Build | Palisade Wall |
| 10:11 | Build | Palisade Wall |
| 10:13 | Queue | Villager (Male) |
| 10:22 | Queue | Serjeant |
| 10:26 | Queue | Villager (Male) |
| 10:56 | Build | Mining Camp |
| 10:59 | Build | House |
| 11:17 | Queue | Spearman |
| 11:28 | Build | Palisade Wall |
| 11:38 | Build | Palisade Wall |
| 11:39 | Build | Palisade Wall |
| 11:42 | Queue | Villager (Male) |
| 12:00 | Build | Donjon |
| 12:03 | Queue | Villager (Male) |
| 12:17 | Queue | Villager (Male) |
| 12:31 | Build | Mill |
| 12:37 | Build | Mill |
| 12:42 | Build | Palisade Wall |
| 12:43 | Build | Palisade Wall |
| 12:47 | Queue | Villager (Male) |
| 12:59 | Research | Town Watch |
| 13:05 | Build | Palisade Wall |
| 13:29 | Queue | Villager (Male) |
| 13:39 | Build | House |
| 13:45 | Build | Palisade Gate |
| 14:11 | Build | Mill |
| 14:22 | Queue | Villager (Male) |
| 14:29 | Research | Horse Collar |
| 14:38 | Build | Farm |
| 14:39 | Build | Farm |
| 14:43 | Queue | Villager (Male) |
| 14:55 | Queue | Serjeant |
| 15:05 | Queue | Villager (Male) |
| 15:24 | Build | Outpost |
| 15:29 | Queue | Villager (Male) |
| 15:31 | Build | Farm |
| 15:33 | Build | Farm |
| 15:57 | Queue | Villager (Male) |
| 15:59 | Build | Farm |
| 16:00 | Build | Farm |
| 16:18 | Queue | Serjeant |
| 16:20 | Queue | Serjeant |
| 16:23 | Queue | Serjeant |
| 16:27 | Build | House |
| 16:33 | Build | House |
| 16:52 | Build | Donjon |
| 16:59 | Queue | Villager (Male) |
| 17:15 | Queue | Villager (Male) |
| 17:22 | Build | Blacksmith |
| 17:27 | Queue | Serjeant |
| 17:27 | Queue | Serjeant |
| 17:32 | Queue | Villager (Male) |
| 17:34 | Build | Farm |
| 17:36 | Build | Farm |
| 17:39 | Build | Farm |
| 17:46 | Build | Farm |
| 17:59 | Queue | Serjeant |
| 18:07 | Build | Farm |
| 18:13 | Build | Farm |
| 18:13 | Queue | Villager (Male) |
| 18:23 | Queue | Serjeant |
| 18:37 | Queue | Villager (Male) |
| 18:39 | Build | Farm |
| 18:46 | Build | Outpost |
| 18:59 | Build | Mining Camp |
| 19:02 | Queue | Villager (Male) |
| 19:22 | Research | Scale Mail Armor |
| 19:46 | Build | Donjon |
| 19:55 | Queue | Villager (Male) |
| 19:58 | Build | House |
| 20:59 | Build | Farm |
| 21:00 | Build | Outpost |
| 21:02 | Build | Outpost |
| 21:10 | Build | Barracks |
| 21:15 | Queue | Villager (Male) |
| 21:21 | Build | House |
| 21:23 | Build | House |
| 21:24 | Build | House |
| 22:06 | Queue | Villager (Male) |
| 22:09 | Build | Market |
| 22:25 | Build | Donjon |
| 22:58 | Research | Castle Age |
| 23:03 | Build | Lumber Camp |
| 23:15 | Research | Fletching |
| 23:20 | Research | Arson |
| 23:25 | Research | Stone Mining |
| 23:38 | Queue | Villager (Male) |
| 23:45 | Research | Gold Mining |
| 24:02 | Queue | Serjeant |
| 24:02 | Queue | Serjeant |
| 24:08 | Queue | Villager (Male) |
| 24:26 | Queue | Serjeant |
| 25:28 | Queue | Villager (Male) |
| 25:38 | Age | Castle Age |
| 25:42 | Research | Bodkin Arrow |
| 25:44 | Queue | Villager (Male) |
| 25:54 | Build | Siege Workshop |
| 26:04 | Queue | Villager (Male) |
| 26:20 | Queue | Villager (Male) |
| 26:26 | Build | Lumber Camp |
| 26:28 | Research | Double-Bit Axe |
| 26:35 | Queue | Mangonel |
| 27:41 | Queue | Villager (Male) |
| 27:41 | Queue | Villager (Male) |
| 27:55 | Build | Mining Camp |
| 28:10 | Build | Town Center |
| 28:25 | Research | Arson |
| 28:59 | Queue | Mangonel |
| 29:03 | Queue | Villager (Male) |
| 29:04 | Queue | Villager (Male) |
| 29:05 | Queue | Villager (Male) |
| 29:30 | Research | Squires |
| 29:35 | Queue | Villager (Male) |
| 30:09 | Queue | Mangonel |
| 30:21 | Queue | Villager (Male) |
Build order — DK_Nightclaim
First 150 of 203 actions detected
| 0:00 | Queue | Villager (Male) |
| 0:00 | Queue | Villager (Male) |
| 0:01 | Queue | Villager (Male) |
| 0:02 | Build | House |
| 0:04 | Build | House |
| 0:11 | Queue | Villager (Male) |
| 0:11 | Queue | Villager (Male) |
| 1:24 | Queue | Villager (Male) |
| 1:24 | Queue | Villager (Male) |
| 1:49 | Build | Lumber Camp |
| 1:52 | Queue | Villager (Male) |
| 2:29 | Queue | Villager (Male) |
| 2:54 | Queue | Villager (Male) |
| 2:54 | Queue | Villager (Male) |
| 2:59 | Build | House |
| 3:22 | Queue | Villager (Male) |
| 3:38 | Queue | Villager (Male) |
| 3:54 | Queue | Villager (Male) |
| 4:31 | Queue | Villager (Male) |
| 4:48 | Queue | Villager (Male) |
| 4:59 | Build | Mill |
| 5:20 | Queue | Villager (Male) |
| 5:38 | Queue | Villager (Male) |
| 5:55 | Research | Loom |
| 6:48 | Research | Feudal Age |
| 7:50 | Build | Barracks |
| 7:53 | Build | House |
| 8:04 | Queue | Villager (Male) |
| 8:58 | Age | Feudal Age |
| 9:04 | Build | Stable |
| 9:05 | Research | Double-Bit Axe |
| 9:22 | Build | House |
| 9:32 | Build | House |
| 9:49 | Queue | Villager (Male) |
| 9:49 | Queue | Villager (Male) |
| 9:54 | Queue | Scout Cavalry |
| 9:54 | Queue | Scout Cavalry |
| 10:09 | Queue | Villager (Male) |
| 10:19 | Queue | Villager (Male) |
| 10:24 | Build | House |
| 10:40 | Build | Archery Range |
| 10:47 | Queue | Villager (Male) |
| 11:13 | Queue | Villager (Male) |
| 11:25 | Queue | Skirmisher |
| 11:25 | Queue | Skirmisher |
| 11:25 | Queue | Skirmisher |
| 11:25 | Queue | Skirmisher |
| 11:37 | Queue | Villager (Male) |
| 11:39 | Build | House |
| 11:54 | Queue | Skirmisher |
| 12:05 | Queue | Skirmisher |
| 12:10 | Queue | Skirmisher |
| 12:32 | Queue | Villager (Male) |
| 12:42 | Build | Blacksmith |
| 12:51 | Queue | Villager (Male) |
| 13:04 | Build | Mining Camp |
| 13:15 | Build | House |
| 13:16 | Build | House |
| 13:21 | Research | Fletching |
| 13:28 | Queue | Skirmisher |
| 13:29 | Build | House |
| 13:38 | Build | House |
| 13:53 | Build | Farm |
| 13:53 | Queue | Villager (Male) |
| 14:02 | Queue | Skirmisher |
| 14:03 | Queue | Skirmisher |
| 14:13 | Build | Farm |
| 14:15 | Build | Farm |
| 14:30 | Queue | Skirmisher |
| 14:53 | Queue | Villager (Male) |
| 15:01 | Build | Market |
| 15:08 | Queue | Villager (Male) |
| 15:18 | Build | Farm |
| 15:21 | Build | Farm |
| 15:45 | Queue | Villager (Male) |
| 15:46 | Queue | Villager (Male) |
| 15:59 | Build | Mill |
| 16:26 | Build | Farm |
| 16:31 | Build | Lumber Camp |
| 16:36 | Queue | Villager (Male) |
| 16:45 | Build | Farm |
| 16:46 | Queue | Villager (Male) |
| 17:06 | Queue | Villager (Male) |
| 17:21 | Build | Mill |
| 17:39 | Build | House |
| 17:48 | Queue | Villager (Male) |
| 17:58 | Build | House |
| 18:11 | Build | Farm |
| 18:18 | Build | Farm |
| 18:32 | Queue | Villager (Male) |
| 18:54 | Queue | Villager (Male) |
| 19:30 | Research | Castle Age |
| 20:13 | Build | Lumber Camp |
| 20:14 | Queue | Archer |
| 20:46 | Queue | Villager (Male) |
| 21:00 | Queue | Archer |
| 21:01 | Queue | Archer |
| 21:28 | Research | Gold Mining |
| 21:51 | Research | Horse Collar |
| 21:54 | Research | Horse Collar |
| 22:03 | Queue | Archer |
| 22:10 | Age | Castle Age |
| 22:13 | Research | Bodkin Arrow |
| 22:20 | Build | Town Center |
| 22:26 | Queue | Archer |
| 22:32 | Build | House |
| 22:54 | Build | Siege Workshop |
| 23:07 | Queue | Villager (Male) |
| 23:12 | Build | House |
| 23:23 | Queue | Villager (Male) |
| 23:23 | Queue | Villager (Male) |
| 23:23 | Queue | Villager (Male) |
| 23:25 | Queue | Villager (Male) |
| 23:25 | Queue | Villager (Male) |
| 23:25 | Queue | Villager (Male) |
| 23:35 | Queue | Mangonel |
| 23:37 | Build | House |
| 23:44 | Queue | Archer |
| 23:45 | Queue | Archer |
| 23:59 | Queue | Villager (Male) |
| 24:17 | Queue | Mangonel |
| 24:37 | Queue | Mangonel |
| 24:50 | Queue | Villager (Male) |
| 25:25 | Queue | Villager (Male) |
| 25:51 | Queue | Villager (Male) |
| 26:03 | Queue | Archer |
| 26:35 | Queue | Villager (Male) |
| 26:50 | Queue | Mangonel |
| 27:08 | Queue | Archer |
| 27:09 | Queue | Archer |
| 27:09 | Queue | Cavalry Archer |
| 27:11 | Queue | Villager (Male) |
| 27:43 | Queue | Villager (Male) |
| 27:50 | Build | House |
| 27:52 | Build | House |
| 28:00 | Build | Stable |
| 28:02 | Build | Stable |
| 28:16 | Queue | Mangonel |
| 28:23 | Build | Farm |
| 28:41 | Build | Lumber Camp |
| 28:44 | Queue | Villager (Male) |
| 29:12 | Build | Town Center |
| 29:12 | Queue | Villager (Male) |
| 29:20 | Queue | Villager (Male) |
| 29:20 | Queue | Villager (Male) |
| 29:35 | Build | Lumber Camp |
| 29:42 | Queue | Villager (Male) |
| 29:51 | Build | Farm |
| 29:52 | Build | Farm |
| 29:52 | Build | Farm |
Match timeline
| 7:37 | duusker · first_building Donjon |
| 7:50 | DK_Nightclaim · first_building Barracks |
| 8:58 | DK_Nightclaim · age_up feudal |
| 9:04 | DK_Nightclaim · first_building Stable |
| 9:24 | duusker · age_up feudal |
| 10:09 | duusker · wall_segment Palisade Wall x1 |
| 10:11 | duusker · wall_segment Palisade Wall x1 |
| 10:40 | DK_Nightclaim · first_building Archery Range |
| 11:28 | duusker · wall_segment Palisade Wall x1 |
| 11:38 | duusker · wall_segment Palisade Wall x1 |
| 11:39 | duusker · wall_segment Palisade Wall x1 |
| 12:42 | duusker · wall_segment Palisade Wall x2 |
| 12:43 | duusker · wall_segment Palisade Wall x1 |
| 13:05 | duusker · wall_segment Palisade Wall x1 |
| 18:04 | DK_Nightclaim · first_market_buy 100 food |
| 18:05 | DK_Nightclaim · first_market_sell 100 wood |
| 21:10 | duusker · first_building Barracks |
| 22:10 | DK_Nightclaim · age_up castle |
| 22:54 | DK_Nightclaim · first_building Siege Workshop |
| 25:38 | duusker · age_up castle |
| 25:54 | duusker · first_building Siege Workshop |
| 30:36 | duusker · first_building Castle |
| 35:56 | DK_Nightclaim · first_building Castle |
| 36:18 | duusker · first_market_sell 100 wood |
| 36:47 | duusker · first_building Stable |
| 39:21 | DK_Nightclaim · resign |
[ AI ANALYSIS · 1 CREDIT ]
What really happened in this match?
Wolo.gg analyzes every decision: build order, eco, micro, common mistakes by bracket. Personalized analysis on WhatsApp or Discord in 30 seconds.
Civ guide
Sicilians
Perfil
Jugador #992156